Map: Ice and Chrome LE

Players

Geralt (Gerald) - Winner!

  • Race: Protoss Protoss
  • League: Grandmaster
  • Spawn Location: 1:00

AGOElazer (Elazer)

  • Race: Zerg Zerg
  • League: Master
  • Spawn Location: 7:00

Event: DreamHack SC2 Masters 2020 Fall

VOD

Have the link to the VOD?

Description

Time

  • Played on: Sept. 10, 2020, 1:28 p.m.
  • Length: 17:21

All games in this series

Show
View Real Time Build Order
Export as new Build Order

Geralt Protoss - Winner!

Build Orders: 1 Gate Expand, Oracle Opening, Carriers 

Get SALT Encoding   

  12  0:00  Probe  
  13  0:12  Probe  
  14  0:20  Pylon  
  14  0:24  Probe  
  15  0:30  Assimilator  
  15  0:38  Probe (Chrono Boost)  
  16  0:44  Gateway  
  16  0:48  Probe (Chrono Boost)  
  17  0:53  Probe (Chrono Boost)  
  18  1:05  Probe  
  19  1:17  Probe  
  20  1:24  Nexus  
  20  1:34  Cybernetics Core  
  20  1:37  Probe  
  21  1:42  Assimilator  
  21  1:49  Probe  
  21  1:53  Pylon  
  22  2:01  Probe  
  23  2:08  Adept (Chrono Boost)  
  23  2:13  Probe  
  23  2:14  Stargate  
  26  2:23  Warp Gate  
  26  2:25  Probe  
  26  2:29  Adept (Chrono Boost)  
  27  2:36  Probe  
  30  2:37  Probe  
  31  2:48  Probe  
  31  2:49  Probe  
  33  2:51  Stalker  
  35  3:00  Probe  
  35  3:01  Oracle (Chrono Boost), Probe  
  40  3:09  Pylon  
  41  3:12  Probe  
  41  3:13  Probe  
  42  3:24  Probe  
  42  3:25  Probe  
  44  3:28  Gateway  
  44  3:31  Oracle (Chrono Boost), Assimilator  
  47  3:35  Assimilator  
  47  3:37  Probe  
  47  3:40  Probe  
  49  3:42  Pylon  
  49  3:49  Probe  
  49  3:53  Probe  
  51  4:01  Probe  
  52  4:05  Probe  
  53  4:10  Phoenix  
  53  4:13  Stargate, Probe  
  56  4:18  Pylon  
  56  4:22  Nexus  
  56  4:31  Stalker  
  58  4:35  Phoenix  
  58  4:36  Adept  
  62  4:41  Probe  
  63  4:50  Pylon  
  63  4:52  Stargate  
  63  4:54  Probe  
  64  5:00  Phoenix  
  64  5:02  Pylon, Probe  
  64  5:06  Probe  
  68  5:08  Shield Battery  
  68  5:11  Pylon  
  68  5:13  Phoenix (Chrono Boost)  
  70  5:14  Probe  
  71  5:25  Adept x2  
  77  5:32  Phoenix (Chrono Boost)  
  77  5:36  Phoenix x2 (Chrono Boost)  
  77  5:39  Probe x3  
  77  5:41  Pylon  
  84  5:52  Gateway x2  
  85  5:57  Probe  
  85  6:01  Phoenix  
  87  6:05  Protoss Air Weapons Level 1 (Chrono Boost), Probe  
  87  6:07  Phoenix  
  87  6:09  Probe  
  91  6:18  Phoenix  
  93  6:28  Probe  
  92  6:36  Phoenix x2  
  92  6:37  Probe x2  
  92  6:39  Assimilator  
  98  6:40  Assimilator, Probe  
  98  6:44  Pylon x2  
  99  6:47  Phoenix  
  99  6:49  Probe  
  99  6:51  Zealot x4  
  108  7:06  Probe x2  
  108  7:12  Probe  
  109  7:16  Fleet Beacon  
  109  7:17  Phoenix  
  109  7:18  Probe  
  109  7:22  Probe  
  113  7:24  Robotics Facility, Probe  
  113  7:25  Nexus  
  113  7:26  Pylon  
  113  7:28  Pylon  
  114  7:30  Probe  
  114  7:32  Assimilator  
  114  7:36  Assimilator  
  115  7:39  Probe  
  115  7:43  Probe  
  115  7:44  Twilight Council, Probe  
  116  7:51  Probe  
  116  7:55  Probe  
  118  8:06  Probe x2, Carrier x2 (Chrono Boost)  
  118  8:07  Probe  
  118  8:08  Forge  
  133  8:14  Robotics Bay  
  133  8:18  Probe x2  
  133  8:19  Probe  
  136  8:28  Shield Battery  
  136  8:30  Shield Battery, Probe x2  
  136  8:31  Shield Battery, Probe  
  139  8:42  Probe x3  
  139  8:43  Probe  
  139  8:46  Carrier (Chrono Boost)  
  147  8:52  Photon Cannon  
  147  8:54  Probe x3  
  147  8:55  Photon Cannon  
  150  8:56  Probe  
  150  9:01  Sentry, Colossus (Chrono Boost)  
  159  9:06  Probe x2  
  161  9:13  Probe  
  161  9:15  Pylon  
  162  9:21  Pylon  
  162  9:22  Extended Thermal Lance (Chrono Boost)  
  162  9:24  Probe  
  162  9:25  Pylon  
  162  9:27  Pylon  
  162  9:31  Carrier (Chrono Boost)  
  163  9:35  Carrier (Chrono Boost)  
  163  9:37  Nexus, Pylon  
  163  9:38  Gateway, Carrier (Chrono Boost)  
  181  9:51  Protoss Air Weapons Level 2 (Chrono Boost), Photon Cannon  
  181  9:56  Templar Archives  
  181  10:07  Photon Cannon  
  181  10:08  Photon Cannon  
  181  10:10  Photon Cannon  
  181  10:12  Shield Battery  
  181  10:20  Protoss Ground Weapons Level 1 (Chrono Boost)  
  179  10:34  Gateway, Charge  
  179  10:35  Nexus, Gateway  
  179  10:37  Gateway  
  179  10:38  Pylon  
  179  10:39  Gateway, Carrier (Chrono Boost)  
  179  10:40  Carrier (Chrono Boost)  
  189  10:46  Pylon  
  189  10:48  High Templar x2  
  187  11:07  Carrier (Chrono Boost)  
  187  11:10  High Templar  
  187  11:11  High Templar  
  197  11:17  Photon Cannon  
  197  11:18  Photon Cannon  
  197  11:20  Photon Cannon  
  197  11:22  Photon Cannon  
  197  11:23  Zealot  
  198  11:32  Photon Cannon  
  195  11:34  Photon Cannon  
  195  11:35  Photon Cannon  
  195  11:37  Photon Cannon  
  195  11:38  Photon Cannon x2  
  195  11:39  Psionic Storm  
  191  11:40  Shield Battery, Photon Cannon  
  191  11:41  Shield Battery, Cybernetics Core  
  191  11:42  Shield Battery x2  
  191  11:43  Shield Battery  
  191  11:45  Shield Battery  
  191  11:49  Assimilator  
  191  11:50  High Templar  
  191  11:51  Carrier (Chrono Boost)  
  191  11:53  Assimilator  
  195  12:13  Protoss Air Weapons Level 3 (Chrono Boost)  
  189  12:18  Carrier  
  189  12:21  Protoss Shields Level 1  
  185  12:38  Carrier  
  192  12:47  Probe  
  192  12:48  Robotics Facility  
  192  12:49  Robotics Facility  
  193  12:55  Carrier  
  199  13:01  Pylon  
  188  13:16  Probe  
  164  13:20  Robotics Facility  
  164  13:22  Robotics Facility, Carrier  
  164  13:27  Photon Cannon  
  167  13:28  Photon Cannon  
  167  13:30  Photon Cannon  
  167  13:32  Photon Cannon  
  167  13:35  Photon Cannon  
  167  13:36  Observer (Chrono Boost)  
  168  13:42  Carrier  
  169  14:01  Probe  
  169  14:02  Oracle  
  168  14:22  Colossus x2 (Chrono Boost)  
  166  14:26  Stalker x3  
  163  14:34  Probe  
  164  14:40  Probe  
  164  14:44  Probe  
  165  14:51  Pylon  
  165  14:52  Nexus  
  165  14:53  Disruptor (Chrono Boost), Pylon  
  165  14:55  Pylon  
  165  14:56  Observer x2 (Chrono Boost)  
  164  15:07  Pylon  
  164  15:09  Nexus, Carrier  
  164  15:13  Zealot x4  
  164  15:14  Zealot x2  
  179  15:32  Oracle  
  180  15:55  Zealot x4  
  158  16:20  Zealot x3  
  156  16:36  High Templar x3  
Show
View Real Time Build Order
Export as new Build Order

AGOElazer Zerg 

Build Orders: Hatch First, Lurkers 

Get SALT Encoding   

  12  0:00  Drone  
  13  0:12  Overlord  
  13  0:16  Drone  
  14  0:30  Drone x2  
  16  0:47  Hatchery  
  15  0:50  Drone  
  15  0:54  Drone  
  18  0:57  Drone  
  18  1:08  Extractor  
  17  1:11  Spawning Pool  
  17  1:15  Drone  
  17  1:18  Drone  
  18  1:28  Drone  
  19  1:38  Drone  
  20  1:46  Hatchery  
  19  1:49  Drone  
  20  1:59  Queen  
  20  2:00  Drone  
  23  2:02  Drone  
  24  2:10  Drone  
  24  2:12  Overlord  
  25  2:20  Queen  
  27  2:23  Drone  
  28  2:31  Drone  
  28  2:32  Drone x2  
  31  2:38  Queen  
  31  2:42  Zergling x4  
  35  2:53  Overlord  
  35  2:55  Drone  
  35  2:57  Metabolic Boost  
  36  3:00  Zergling x2  
  36  3:04  Queen  
  39  3:06  Zergling x2  
  39  3:10  Drone x2  
  42  3:15  Queen  
  42  3:18  Drone x2  
  46  3:28  Drone x3  
  46  3:31  Spore Crawler  
  46  3:32  Drone x2  
  50  3:35  Spore Crawler  
  50  3:37  Drone  
  50  3:46  Overlord  
  50  3:48  Drone, Spore Crawler  
  49  3:53  Overlord  
  50  4:02  Drone  
  50  4:06  Drone  
  50  4:07  Drone x7  
  57  4:12  Drone x5  
  57  4:15  Queen  
  57  4:16  Zergling x2  
  65  4:22  Overlord  
  65  4:26  Evolution Chamber  
  65  4:30  Drone x2  
  65  4:31  Overlord  
  66  4:37  Overlord  
  66  4:41  Drone x2, Lair, Hatchery  
  66  4:42  Drone  
  67  4:45  Extractor  
  67  4:46  Extractor  
  67  4:47  Overlord  
  67  4:50  Zergling x2  
  67  4:51  Zergling x6  
  69  4:54  Zergling x4  
  69  4:56  Drone  
  69  4:57  Drone x2  
  74  5:00  Overlord  
  74  5:01  Drone  
  74  5:02  Drone  
  74  5:04  Drone  
  77  5:08  Drone x2  
  77  5:13  Overlord  
  79  5:16  Roach Warren  
  79  5:20  Overlord  
  79  5:21  Drone x5  
  82  5:25  Drone x2, Extractor  
  82  5:27  Extractor  
  80  5:30  Drone x3  
  80  5:32  Overlord  
  82  5:37  Drone  
  82  5:40  Extractor  
  82  5:41  Hydralisk Den, Overlord  
  82  5:42  Drone x5  
  86  5:47  Overlord  
  86  5:48  Drone x2  
  88  5:54  Drone x2  
  90  6:04  Queen, Zerg Melee Weapons Level 1  
  90  6:05  Zergling x10  
  90  6:07  Pneumatized Carapace  
  97  6:12  Spore Crawler  
  97  6:13  Overlord  
  97  6:14  Drone x7  
  97  6:17  Muscular Augments  
  100  6:22  Overlord  
  100  6:24  Drone x5  
  105  6:32  Overlord  
  100  6:33  Drone x3  
  100  6:35  Drone  
  100  6:39  Drone x6  
  110  6:41  Spore Crawler  
  110  6:43  Drone  
  110  6:47  Overlord x2  
  110  6:49  Drone  
  110  6:52  Overlord  
  110  6:53  Hydralisk x3  
  117  6:57  Overlord  
  117  6:59  Hydralisk x2  
  117  7:01  Spore Crawler  
  113  7:03  Hydralisk  
  113  7:08  Hydralisk x2, Spore Crawler  
  109  7:09  Spore Crawler  
  109  7:15  Hydralisk x4  
  112  7:19  Drone x3  
  123  7:26  Drone x2  
  123  7:28  Grooved Spines  
  125  7:30  Evolution Chamber  
  125  7:32  Spore Crawler  
  125  7:33  Drone x4  
  125  7:34  Drone, Spore Crawler  
  119  7:37  Hydralisk x3  
  119  7:42  Hydralisk x3  
  129  7:49  Drone  
  129  7:50  Drone x5  
  135  7:55  Overlord, Spore Crawler  
  135  7:56  Drone  
  129  8:04  Hydralisk  
  129  8:05  Hydralisk x7  
  145  8:07  Zerg Missile Weapons Level 1  
  145  8:13  Zerg Melee Weapons Level 2  
  145  8:18  Infestation Pit, Extractor x2  
  142  8:23  Zergling x14  
  142  8:25  Hatchery  
  147  8:30  Hydralisk x4  
  147  8:33  Zergling x4  
  147  8:34  Zergling x4  
  159  8:42  Overlord  
  159  8:47  Overlord  
  159  8:55  Hive  
  159  8:56  Drone, Lurker Den  
  159  8:57  Overlord x2  
  159  8:58  Overlord  
  159  9:02  Drone x7  
  166  9:06  Drone x5  
  166  9:08  Drone x2  
  173  9:10  Overseer  
  173  9:12  Overseer  
  173  9:18  Overlord  
  173  9:20  Drone x7, Baneling Nest  
  179  9:24  Overlord  
  179  9:26  Extractor  
  179  9:28  Extractor  
  176  9:32  Hydralisk x5  
  176  9:34  Hatchery  
  176  9:35  Overlord  
  176  9:37  Spore Crawler  
  184  9:39  Spore Crawler  
  184  9:40  Spore Crawler  
  181  9:46  Overlord  
  181  9:50  Drone x5  
  186  9:53  Spore Crawler x2  
  186  9:55  Spine Crawler x2  
  186  9:56  Lurker, Spine Crawler  
  186  9:57  Spine Crawler  
  181  10:00  Zergling x2  
  181  10:01  Zergling x14  
  181  10:03  Zerg Missile Weapons Level 2  
  189  10:08  Viper x2  
  189  10:11  Seismic Spines  
  195  10:14  Centrifical Hooks  
  195  10:25  Drone  
  195  10:26  Drone x4  
  195  10:27  Adrenal Glands  
  200  10:29  Zerg Ground Armor Level 1  
  199  10:50  Spore Crawler  
  199  10:51  Spore Crawler  
  199  10:53  Spore Crawler  
  196  11:02  Hatchery  
  195  11:06  Spore Crawler x3  
  195  11:07  Drone x5, Spore Crawler  
  195  11:08  Adaptive Talons  
  195  11:11  Spine Crawler  
  195  11:12  Spore Crawler  
  195  11:13  Spine Crawler  
  182  11:36  Baneling x10  
  182  11:40  Drone x4  
  182  11:41  Drone x3  
  182  11:46  Spore Crawler  
  188  11:50  Lurker x2  
  188  11:51  Lurker x3  
  188  11:52  Lurker x2  
  195  12:01  Zergling x10  
  195  12:02  Spore Crawler  
  195  12:03  Spore Crawler  
  195  12:04  Spore Crawler x3  
  195  12:06  Spore Crawler x2  
  195  12:07  Spore Crawler  
  184  12:11  Spore Crawler  
  184  12:12  Drone x12  
  184  12:13  Drone  
  187  12:19  Zergling x2  
  187  12:20  Zergling x28  
  195  12:42  Baneling x24  
  195  12:43  Baneling x16  
  191  12:57  Zergling x8  
  191  12:58  Zergling x10  
  181  13:21  Zergling x28  
  181  13:23  Overlord  
  190  13:30  Baneling x14  
  169  13:49  Hydralisk x10  
  182  13:57  Baneling  
  182  13:58  Baneling x10  
  182  13:59  Baneling x3  
  182  14:00  Baneling x11  
  179  14:03  Zergling x2  
  179  14:04  Zergling x8  
  179  14:07  Hydralisk x5  
  184  14:19  Hydralisk  
  184  14:20  Hydralisk x4  
  180  14:24  Zerg Ground Armor Level 2  
  180  14:25  Zerg Missile Weapons Level 3  
  180  14:29  Drone x4  
  171  14:33  Hydralisk x4  
  171  14:34  Spore Crawler  
  171  14:35  Lurker x5, Spore Crawler x3  
  171  14:36  Spore Crawler  
  171  14:37  Spore Crawler  
  174  14:41  Lurker x2  
  174  14:42  Hydralisk x6  
  186  14:50  Drone x3  
  186  14:51  Drone x4  
  193  15:02  Lurker  
  192  15:10  Zergling x10  
  192  15:12  Overlord x3  
  192  15:13  Overseer x6  
  185  15:43  Extractor  
  185  15:46  Extractor  
  185  15:48  Zergling x32  
  192  16:08  Hydralisk x9  
  196  16:12  Hydralisk x4  
  196  16:14  Overlord x3  
  176  16:20  Overlord x7  
  141  16:35  Hydralisk x11  
  156  16:41  Hydralisk x2  
  155  16:55  Hydralisk x10  
  155  16:56  Hydralisk  

Tags
 
Add a new tag
Caveats
  • Supply blocks, unpowered buildings, or Contaminate may cause inaccurate times.
  • Supply counts are checked every 10 seconds.